 Dungeon Crawl Stone Soup version 0.17-a0-1636-g3119f2b (webtiles) character file.

192 karlkraus the Insei (level 5, 0/37 HPs)
             Began as an Octopode Monk on Aug 6, 2015.
             Slain by FooOfBar's ghost (13 damage)
             ... on level 4 of the Dungeon.
             The game lasted 00:05:49 (2717 turns).

karlkraus the Insei (Octopode Monk)                 Turns: 2717, Time: 00:05:49

Health: 0/37       AC:  2    Str: 10    XL:     5   Next: 71%
Magic:  5/5        EV: 14    Int: 12    God:
Gold:   219        SH:  0    Dex: 16    Spells: 0 memorised, 4 levels left

rFire  . . .     SeeInvis .       - Unarmed
rCold  . . .     Clarity  .     (no shield)
rNeg   + . .     SustAt   .     (helmet restricted)
rPois  .         Gourm    .     g - amulet of warding
rElec  .         Spirit   .     b - ring of wizardry
rCorr  .         Warding  +     i - ring of teleportation (curse)
rMut   .         Rnd*Tele +     y - +1 ring of protection
MR     .....                    (no ring)
Stlth  ++++......               (no ring)
                                (no ring)
                                (no ring)
                                (no ring)

@: not resistant to hostile enchantments, stealthy
A: almost no armour, amphibious, 8 rings, constrict 8, camouflage 1, gelatinous
body 1
a: Evoke Teleportation


You were on level 4 of the Dungeon.
You were hungry.

You visited 1 branch of the dungeon, and saw 4 of its levels.

You collected 219 gold pieces.

Inventory:

Hand weapons
 u - a +0 blowgun
Missiles
 t - 26 poisoned needles
Jewellery
 b - a ring of wizardry (left tentacle)
 g - an amulet of warding (around mantle)
 i - a cursed ring of teleportation (right tentacle)
 y - a +1 ring of protection (on tentacle)
Magical devices
 n - a wand of frost (24)
Scrolls
 e - 3 scrolls of remove curse {unknown}
 f - 6 scrolls of identify {unknown}
 h - a scroll of immolation {unknown}
 q - a scroll of noise {unknown}
 r - a scroll of random uselessness {unknown}
 w - a scroll of fear {unknown}
 x - a scroll of amnesia {unknown}
Potions
 d - a potion of degeneration {unknown}
 j - 3 potions of curing {unknown}
 k - a potion of ambrosia {unknown}
 l - 2 potions of agility {unknown}
 m - a potion of cure mutation {unknown}
 p - a potion of resistance {unknown}
 v - a potion of poison {unknown}
Comestibles
 a - 3 bread rations
 c - a meat ration
 o - a beef jerky


   Skills:
 + Level 3.8 Fighting
 + Level 3.9 Dodging
 + Level 4.2 Stealth
 + Level 5.2 Unarmed Combat


You had 4 spell levels left.
You didn't know any spells.

Dungeon Overview and Level Annotations

Branches:
Dungeon (4/15)
 Temple: D:4-7

Altars:

Annotations:
D:4 FooOfBar's ghost, experienced GrCj


Innate Abilities, Weirdness & Mutations

You cannot wear most types of armour.
You are amphibious.
You can wear up to eight rings at the same time.
You can use your tentacles to constrict eight enemies at once.
Your skin changes colour to match your surroundings (Stealth).
Your rubbery body absorbs attacks (AC +1).


Message History

FooOfBar's ghost misses you.
You barely miss FooOfBar's ghost. You squeeze FooOfBar's ghost.
FooOfBar's ghost is lightly damaged.
FooOfBar's ghost wails.
FooOfBar's ghost misses you.
You barely miss FooOfBar's ghost.
FooOfBar's ghost is lightly damaged.
FooOfBar's ghost hits you.
You tentacle-slap FooOfBar's ghost. You squeeze FooOfBar's ghost.
FooOfBar's ghost is moderately damaged.
FooOfBar's ghost closely misses you.
You tentacle-slap FooOfBar's ghost. x2
Your squeeze misses FooOfBar's ghost.
FooOfBar's ghost is moderately damaged.
FooOfBar's ghost points at you and mumbles some strange words.
The magic dart hits you!
You completely miss FooOfBar's ghost.
FooOfBar's ghost is moderately damaged.
FooOfBar's ghost hits you!
You die...

#.. #.# #.
#.# ...O#
#.# ....#
#.# ....#
#.# ...#
#.# ..#
#.###
####o######
#....
#.@W.......
#.###
#..O.......
#.#
#..........
#.#
#.########+
#.# #..###
#.# #....#
#.# #....##
#.# #.....#
#.# ##....#
#.#


You could see an ogre, FooOfBar's ghost and an orc.

Vanquished Creatures
  An orc priest (D:3)
  Crazy Yiuf (D:2)
  Terence (D:2)
  A gnoll (D:1)
  3 adders
  An ooze (D:1)
  A worm (D:3)
  4 orcs (D:3)
  9 goblins
  4 hobgoblins
  7 jackals (D:2)
  7 kobolds
  2 quokkas
  2 ball pythons (D:1)
  9 bats
  A giant newt (D:3)
  7 rats
61 creatures vanquished.

Notes
Turn   | Place    | Note
--------------------------------------------------------------
     0 | D:1      | karlkraus the Octopode Monk began the quest for the Orb.
     0 | D:1      | Reached XP level 1. HP: 16/16 MP: 1/1
    25 | D:1      | Reached XP level 2. HP: 10/21 MP: 2/2
   115 | D:1      | Reached XP level 3. HP: 4/26 MP: 3/3
   524 | D:2      | Noticed Crazy Yiuf
   533 | D:2      | Killed Crazy Yiuf
   533 | D:2      | Reached XP level 4. HP: 13/31 MP: 4/4
   759 | D:2      | Noticed Terence
   774 | D:2      | Killed Terence
   869 | D:2      | Reached skill level 5 in Unarmed Combat
  1179 | D:2      | Reached XP level 5. HP: 32/36 MP: 5/5
  2700 | D:4      | Noticed an ogre
  2709 | D:4      | Noticed FooOfBar's ghost (experienced GrCj)
  2717 | D:4      | Slain by FooOfBar's ghost

Vault maps used:
D:1:      grunt_arrival_crossed_arrows
D:2:      first_bread, uniq_crazy_yiuf_cottage, uniq_terence
D:4:      minmay_opposing_rooms

Action                   |  1- 3 |  4- 6 || total
-------------------------+-------+-------++-------
Melee: Unarmed           |    32 |    96 ||   128
 Stab: Sleeping          |     5 |     3 ||     8
       Distracted        |       |     1 ||     1
  Eat: Chunk             |       |     5 ||     5
